 Dungeon Crawl Stone Soup version 0.28-a0-612-gcfc00ec14d (webtiles) character file.

Game seed: 3612576119828130349

189 meatgazer the Skirmisher (level 5, -3/47 HPs)
             Began as a Draconian Abyssal Knight on Oct 5, 2021.
             Was a Believer of Lugonu.
             Slain by an orc (4 damage)
             ... on level 3 of the Dungeon.
             The game lasted 00:04:25 (2496 turns).

meatgazer the Skirmisher (Draconian Abyssal Knight) Turns: 2496, Time: 00:04:25

Health: -3/47      AC:  5    Str: 17    XL:     5   Next: 40%
Magic:  7/7        EV: 12    Int: 10    God:    Lugonu [**....]
Gold:   79         SH:  0    Dex: 11    Spells: 4/4 levels left

rFire   . . .      SeeInvis .   a - +1 spear
rCold   . . .      Faith    .   (no shield)
rNeg    . . .      Spirit   .   (armour unavailable)
rPois   .          Reflect  .   (helmet restricted)
rElec   .          Harm     .   (no cloak)
rCorr   .          Rampage  .   (no gloves)
Will    .....                   (no boots)
Stlth   +.........              (no amulet)
HPRegen 0.15/turn               (no ring)
MPRegen 0.10/turn               (no ring)

@: studying Unarmed Combat
A: AC +5, unfitting armour, cold-blooded
a: Renounce Religion, Depart the Abyss, Bend Space


You were on level 3 of the Dungeon.
You worshipped Lugonu.
Lugonu was pleased with you.
You visited 1 branch of the dungeon, and saw 3 of its levels.
You visited the Abyss 1 time.

You collected 79 gold pieces.

Inventory:

Hand Weapons
 a - a +1 spear (weapon)
Armour
 i - a +0 buckler
Magical Staves
 j - a staff of poison
Scrolls
 b - 2 scrolls of teleportation
 g - a scroll of acquirement {unknown}
Potions
 d - a potion of invisibility
 e - 2 potions of heal wounds
 f - a potion of cancellation {unknown}
 h - a potion of ambrosia {unknown}
Miscellaneous
 c - a tin of tremorstones (2/2)


   Skills:
 * Level 4.6 Fighting
 * Level 3.6 Polearms
 - Level 2.1 Dodging
 + Level 3.0 Invocations
 + Level 1.9 Evocations


You had 4 spell levels left.
You didn't know any spells.
Your spell library contained the following spells:

 Spells                   Type           Power      Damage    Failure   Level
 Corpse Rot               Necr/Air       N/A        N/A       50%         2
 Poisonous Vapours        Pois/Air       0%         N/A       50%         2


Dungeon Overview and Level Annotations

Branches:
Dungeon (3/15)

Altars:


Innate Abilities, Weirdness & Mutations

Your plain brown scales are hard. (AC +5)
You cannot fit into any form of body armour.
You are cold-blooded and may be slowed by cold attacks.


Message History

The orc priest barely misses you.
You hit the orc priest but do no damage.
The orc priest is moderately wounded.
The orc priest hits you with a +0 whip.
The orc priest hits you with a +0 dagger.
You hit the orc priest.
The orc priest is heavily wounded.
The orc priest looks braver for a moment.
The orc priest hits you but does no damage.
You hit the orc priest.
The orc priest is almost dead.
The orc priest casts a cantrip, but nothing happens.
The orc priest closely misses you.
You hit the orc priest.
You kill the orc priest!
Lugonu accepts your kill.
The orc priest hits you but does no damage.
Your tin of tremorstones (2/2) has regained one charge.
Your Invocations skill increases to level 3!
You barely miss the orc priest. You tail-slap the orc priest.
The orc priest is lightly wounded.
The orc priest hits you but does no damage.
You hit the orc priest.
The orc priest is moderately wounded.
The orc priest hits you but does no damage.
You hit the orc priest.
The orc priest is heavily wounded.
The orc closely misses you.
You hit the orc priest.
The orc priest is heavily wounded.
The orc priest mumbles some strange prayers to Beogh against you.
Pain shoots through your body! The orc hits you but does no damage.
You are too injured to fight recklessly!
You are too injured to fight recklessly!
You are too injured to fight recklessly!
The orc priest calls down the wrath of Beogh upon you.
Pain shoots through your body!
* * * LOW HITPOINT WARNING * * *
The orc hits you with a +0 hand axe.
You die...

♣.♣.♣.♣..+
...♣...♣.# #.#
♣.♣.♣.♣..# #..
.♣...♣..## #.#
♣.♣.♣..## #.#
...♣..## #.
##'####
♣.♣..## #.#
#.....# .♣..##
.. #.)...#
...##
#.##[@o..#
'###
#..#.o[..# .#
#.#.....# # ##
###...)...#...
#..$<.).......
####.)).###o.
#.#).# ...
#....# ..
##†)##


You could see an orc priest and 2 orcs.

Vanquished Creatures
  2 orc priests (D:3)
  An orc wizard (D:3)
  3 adders
  5 dart slugs
  11 orcs
  2 ball pythons (D:2)
  2 endoplasms
  2 giant cockroaches
  3 goblins
  2 hobgoblins
  4 jackals (D:2)
  3 kobolds (D:2)
  3 quokkas
  6 bats
  6 frilled lizards
  2 rats
57 creatures vanquished.

Notes
Turn   | Place    | Note
-------+----------+-------------------------------------------
     0 | Abyss:1  | meatgazer the Draconian Abyssal Knight began the quest for
                  | the Orb.
     0 | Abyss:1  | Reached XP level 1. HP: 19/19 MP: 2/2
    27 | Abyss:2  | Noticed a neqoxec
    96 | Abyss:4  | Noticed a worldbinder
   131 | Abyss:4  | Noticed a large abomination
   131 | D:1      | Escaped the Abyss
   841 | D:1      | Reached * piety under Lugonu
   842 | D:1      | Reached XP level 2. HP: 26/26 MP: 3/3
  1316 | D:2      | Reached XP level 3. HP: 32/33 MP: 4/4
  1389 | D:2      | You fall into a shaft and drop 1 floor!
  1406 | D:3      | Reached skill level 1 in Evocations
  1581 | D:2      | Reached skill level 4 in Fighting
  1643 | D:2      | Found a faded altar of an unknown god.
  1876 | D:2      | Reached XP level 4. HP: 40/40 MP: 5/5
  1946 | D:3      | Reached ** piety under Lugonu
  1958 | D:3      | Reached XP level 5. HP: 34/47 MP: 7/7
  2496 | D:3      | HP: 1/47 [orc priest/nerve-wracking pain (14)]
  2496 | D:3      | Slain by an orc

Illustrated notes

Levels and vault maps discovered:
D:1:      shiori_arrival_whats_in_store_for_you, layout_basic
D:2:      layout_rooms, basic_ecumenical_altar, grunt_ministairs_14
D:3:      layout_basic, kennysheep_cluttered_room

Skill      XL: |  1  2  3  4  5 |
---------------+----------------+-----
Evocations     | 1 |  1.9
Fighting       | 4 |  4.6
Polearms       | 3 |  3.6
Invocations    | 3 |  3.0
Dodging        | |  2.1

Action                   |  1- 3 |  4- 6 || total
-------------------------+-------+-------++-------
Melee: Spear             |   149 |    47 ||   196
       Tailslap          |    10 |     7 ||    17
Invok: Depart the Abyss  |     1 |       ||     1
Evoke: Tin of tremorston |       |     1 ||     1
  Use: Potion            |     4 |       ||     4
       Scroll            |     3 |       ||     3
 Stab: Sleeping          |     2 |       ||     2
Armor: Skin              |    32 |    12 ||    44
Dodge: Dodged            |   103 |    24 ||   127

Table legend: (Time is in decaauts)
 A = Elapsed time spent in this place.
 B = Non-inter-level travel time spent in this place.
 C = Inter-level travel time spent in this place.
 D = Time resting spent in this place.
 E = Time spent auto-exploring this place.
 F = Levels seen in this place.
 G = Mean time per level.
                   A        B        C        D        E       F      G
               +--------+--------+--------+--------+--------+-----+--------+
         Total |   2489 |   2365 |    124 |    915 |   1029 |   7 |  355.6 |
       Dungeon |   2359 |   2235 |    124 |    908 |   1000 |   3 |  786.3 |
         Abyss |    130 |    130 |      0 |      7 |     29 |   4 |   32.5 |
               +--------+--------+--------+--------+--------+-----+--------+

Top non-repeatable levels by time:
     D:2: 1179 daAuts
     D:1: 1028 daAuts
     D:3: 151 daAuts
 Abyss:3: 52 daAuts
 Abyss:4: 45 daAuts
 Abyss:2: 23 daAuts
 Abyss:1: 8 daAuts
